 Dungeon Crawl Stone Soup version 0.31-a0-1620-gcbf77bbcfc (webtiles) character file.

Game seed: 9875383697405338048

66 Newt the Shooter (level 4, -7/30 HPs)
             Began as a Kobold Hunter on Jan 11, 2024.
             Mangled by an iguana (13 damage)
             ... on level 2 of the Dungeon.
             The game lasted 00:01:03 (819 turns).

Newt the Shooter (Kobold Hunter)                     Turns: 819, Time: 00:01:04

Health: -7/30      AC:  3    Str:  8    XL:     4   Next: 37%
Magic:  4/4        EV: 14    Int: 10    God:
Gold:   91         SH:  0    Dex: 20    Spells: 3/3 levels left

rFire   + . .        a - +0 shortbow
rCold   . . .        (shield currently unavailable)
rNeg    . . .        c - +0 leather armour
rPois   .            (no helmet)
rElec   .            (no cloak)
rCorr   +            (no gloves)
SInv    .            (no boots)
Will    .....        (no amulet)
Stlth   ++           d - ring "Pidaps" {Fly rF+ rCorr Stlth-}
HPRegen 0.25/turn    (no ring)
MPRegen 0.09/turn

%: no passive effects
@: flying
A: small, no large weapons, nightstalker 3
a: no special abilities


You were on level 2 of the Dungeon.
You visited 1 branch of the dungeon, and saw 2 of its levels.

You collected 91 gold pieces.

Inventory:

Hand Weapons
 a - a +0 shortbow (weapon)
Armour
 c - a +0 leather armour (worn)
Jewellery
 d - the ring "Pidaps" (left hand) {Fly rF+ rCorr Stlth-}
   (You acquired it on level 2 of the Dungeon)

   [ring of flight]

   rF+:       It protects you from fire.
   Fly:       It grants you flight.
   rCorr:     It protects you from acid and corrosion.
   Stlth-:    It makes you less stealthy.
Scrolls
 b - a scroll of butterflies
 g - a scroll of teleportation
Potions
 e - a potion of magic {unknown}
 h - a potion of heal wounds
 i - a potion of might {unknown}


   Skills:
 + Level 4.7 Fighting
 - Level 5.3 Ranged Weapons
 - Level 2.4 Dodging
 - Level 1.3 Stealth


You had 3 spell levels left.
You didn't know any spells.
Your spell library was empty.

Dungeon Overview and Level Annotations

Branches:
Dungeon (2/15)

Altars:


Innate Abilities, Weirdness & Mutations

You are small and have problems with some larger weapons.
You are completely attuned to the shadows.


Message History

The adder misses you.
You shoot an arrow. The arrow hits the adder!
You kill the adder!
You feel sick.
You shoot an arrow. The arrow barely misses the iguana.
You feel sick.
You shoot an arrow. The arrow hits the iguana.
The iguana is moderately wounded.
You feel sick.
You are no longer poisoned.
The iguana bites you! The iguana bites you.
* * * LOW HITPOINT WARNING * * *
You are too injured to fight recklessly!
An iguana is nearby!
An iguana is nearby!
You are too injured to fight recklessly!
Unknown command.
You shoot an arrow. The arrow closely misses the iguana.
The iguana bites you but does no damage.
Unknown command.
You shoot an arrow. The arrow hits the iguana.
The iguana is heavily wounded.
The iguana bites you but does no damage.
Unknown command.
You shoot an arrow. The arrow hits the iguana.
The iguana is severely wounded.
The iguana bites you.
* * * LOW HITPOINT WARNING * * *
Unknown command.
Unknown command.
Okay, then.
You shoot an arrow.
The arrow hits the iguana but does no damage.
The iguana is heavily wounded.
The iguana misses you.
Unknown command.
Okay, then.
You shoot an arrow. The arrow hits the iguana.
The iguana is almost dead.
The iguana misses you. The iguana bites you!
You die...

,,,,,,*****,*,,,,* *,** **,,* #
,,,,,,,,,,,,,,,,,* *,*** *,,* #
,,,,,****,,,,,,,,* *,,,** *,,**#
,,**,,,,,,**,,,,,* ***,,****,,,*
,,***,******..*.##*****,,,,,,,,*#
,,,,,,,* *..)..(,,********,,,*#
,,,,**,* *#..#.#*,,,,,****,,,*#
,,,,**,** *#.l.#*****,,,,,,..##
,,..##..###*###)@### ******,..).
,,.####....*#......# **....
,,.#######.,.......# *#...
,,....#####*#......# #...
,,....<....,.......## #...
,,....#####*#.......# #...
,,....##### #.......# #...
**######### #.......# #####..
######### #####...# #......


You could see an iguana.

Vanquished Creatures
  A hound (D:2)
  An adder (D:2)
  2 ball pythons
  2 bats
  2 endoplasms
  A giant cockroach (D:1)
  5 goblins
  4 hobgoblins
  A quokka (D:1)
  5 kobolds
  3 rats (D:1)
27 creatures vanquished.

Notes
Turn   | Place    | Note
-------+----------+-------------------------------------------
     0 | D:1      | Newt the Kobold Hunter began the quest for the Orb.
     0 | D:1      | Reached XP level 1. HP: 12/12 MP: 1/1
   142 | D:1      | Reached XP level 2. HP: 18/18 MP: 2/2
   457 | D:1      | Found a faded altar of an unknown god.
   703 | D:2      | Identified a scroll of acquirement
   703 | D:2      | Acquired the ring "Pidaps" {Fly rF+ rCorr Stlth-}
   723 | D:2      | Reached XP level 3. HP: 23/23 MP: 3/3
   749 | D:2      | Reached XP level 4. HP: 30/30 MP: 4/4
   819 | D:2      | Mangled by an iguana

Illustrated notes

Levels and vault maps discovered:
D:1:      shiori_shiawase, layout_loops_cross,
          dreamdust_ecumenical_altar_angels_and_demons
D:2:      layout_rooms, st_stairs_3, uniq_terence

Skill      XL: |  1  2  3 |
---------------+----------+-----
Fighting       | 3 4 |  4.7
Ranged Weapons | |  5.3
Dodging        | |  2.4
Stealth        | |  1.3

Action                     |  1- 3 |  4- 6 || total
---------------------------+-------+-------++-------
   Fire: Shortbow          |    46 |    23 ||    69
    Use: Scroll            |     4 |       ||     4
 Armour: Leather armour    |     8 |     9 ||    17
  Dodge: Dodged            |    19 |     8 ||    27

Table legend: (Time is in decaauts)
 A = Elapsed time spent in this place.
 B = Non-inter-level travel time spent in this place.
 C = Inter-level travel time spent in this place.
 D = Time resting spent in this place.
 E = Time spent auto-exploring this place.
 F = Levels seen in this place.
 G = Mean time per level.
                   A        B        C        D        E       F      G
               +--------+--------+--------+--------+--------+-----+--------+
         Total |    831 |    783 |     48 |     29 |    625 |   2 |  415.5 |
       Dungeon |    831 |    783 |     48 |     29 |    625 |   2 |  415.5 |
               +--------+--------+--------+--------+--------+-----+--------+

Top non-repeatable levels by time:
     D:1: 708 daAuts
     D:2: 122 daAuts
